 Dungeon Crawl Stone Soup version 0.23.0 (webtiles) character file.

Game seed: 109471171065090601

78194 1994 the Basher (level 15, -1/101 HPs)
             Began as a Gargoyle Berserker on Feb 15, 2019.
             Was the Champion of Trog.
             Killed by divine providence
             ... invoked by an orc high priest
              (15 damage)
             ... on level 1 of the Orcish Mines.
             The game lasted 02:19:28 (25097 turns).

1994 the Basher (Gargoyle Berserker)               Turns: 25097, Time: 02:19:28

Health: -1/101     AC: 41    Str: 23    XL:     15   Next: 59%
Magic:  13/13      EV: 12    Int:  7    God:    Trog [******]
Gold:   2428       SH:  3    Dex: 14    Spells: 14/14 levels left

rFire    . . .     SeeInvis +   L - +4 dire flail (protect)
rCold    . . .     Gourm    .   (shield currently unavailable)
rNeg     + . .     Faith    .   k - +3 plate armour {rPois}
rPois    ∞         Spirit   .   d - +2 helmet {SInv}
rElec    +         Reflect  +   q - +2 cloak
rCorr    .         Harm     .   U - +0 pair of gloves
MR       +++..                  g - +0 pair of boots {Stlth+}
Stlth    ..........             e - +3 amulet of reflection
HPRegen  0.26/turn              p - ring of Huloycze {+Inv rPois Slay+3}
MPRegen  0.13/turn              M - ring of protection from magic

@: very slightly contaminated, lightly drained
A: big wings, see invisible, low mp 2, magic resistance 1, negative energy
resistance 1, electricity resistance, unbreathing, petrification resistance, rot
immunity, AC +11
a: Fly, Berserk, Trog's Hand, Brothers in Arms, Renounce Religion, Evoke
Invisibility


You were on level 1 of the Orcish Mines.
You worshipped Trog.
Trog was exalted by your worship.
You were not hungry.

You visited 4 branches of the dungeon, and saw 20 of its levels.
You also visited: Gauntlet and Volcano.

You collected 2517 gold pieces.
You spent 89 gold pieces at shops.

Inventory:

Hand Weapons
 D - a +0 blowgun
 F - a +4 antimagic dire flail
 K - a +9 longbow of freezing
 L - a +4 dire flail of protection (weapon)
 N - a +3 battleaxe of electrocution
 O - the +3 Elemental Staff {rElec rF++ rC++ MR++ AC+5}
   (You found it on level 1 of the Orcish Mines)

   It affects your AC (+5).
   It greatly protects you from fire.
   It greatly protects you from cold.
   It insulates you from electricity.
   It affects your resistance to hostile enchantments.
 V - the +7 hand axe "Ygeixargh" {pain, rF- rC+ MR+++ Str+3}
   (You found it on level 1 of the Orcish Mines)

   In the hands of one skilled in necromantic magic, it inflicts extra damage on
   living creatures.
   It affects your strength (+3).
   It makes you vulnerable to fire.
   It protects you from cold.
   It affects your resistance to hostile enchantments.
Missiles
 r - 183 arrows
 s - 4 needles of sleeping
 I - 13 curare-tipped needles
 R - 6 needles of frenzy
Armour
 d - a +2 helmet of see invisible (worn)
 g - a +0 pair of boots of stealth (worn)
 k - a +3 plate armour of poison resistance (worn)
 q - a +2 cloak (worn)
 T - a +0 troll leather armour
 U - a +0 pair of gloves (worn)
 Z - a scarf of cloud immunity
Jewellery
 e - a +3 amulet of reflection (around neck)
 p - the ring of Huloycze (left hand) {+Inv rPois Slay+3}
   (You found it on level 6 of the Lair of Beasts)

   [ring of slaying]

   It affects your accuracy and damage with ranged weapons and melee attacks
   (+3).
   It protects you from poison.
   It lets you turn invisible.
 M - a ring of protection from magic (right hand)
Wands
 f - a wand of enslavement (7)
 j - a wand of polymorph (14)
 v - a wand of disintegration (14)
 x - a wand of scattershot (4)
 G - a wand of random effects (46)
 H - a wand of acid (25)
 Q - a wand of digging (8)
 S - a wand of flame (20)
Scrolls
 i - 4 scrolls of enchant weapon
 n - 8 scrolls of teleportation
 t - 3 scrolls of fear
 w - 5 scrolls of identify
 y - 2 scrolls of magic mapping
 C - 2 scrolls of enchant armour
 E - 7 scrolls of remove curse
 Y - 2 scrolls of fog
Potions
 a - 3 potions of mutation
 b - 4 potions of agility
 h - 3 potions of might
 l - 2 potions of invisibility
 m - 2 potions of cancellation
 o - 2 potions of resistance
 u - 4 potions of curing
 z - 8 potions of lignification
 A - 3 potions of heal wounds
 B - 3 potions of magic
Comestibles
 c - 57 rations


   Skills:
 * Level 14.6(14.4) Fighting
 * Level 14.7(14.4) Maces & Flails
 * Level 3.9(3.7) Bows
 - Level 2.0(1.8) Throwing
 * Level 14.6(14.3) Armour
 + Level 9.9(9.7) Dodging
 + Level 2.3(2.1) Evocations


You had 14 spell levels left.
You didn't know any spells.
Your spell library contained the following spells:

 Spells                   Type           Power        Failure   Level  Hunger
 Freeze                   Ice            #...         99%         1    ##.....
 Passwall                 Tmut/Erth      #.......     99%         2    ###....
 Swiftness                Chrm/Air       #.......     99%         2    ###....
 Throw Frost              Conj/Ice       #.....       99%         2    ###....
 Ignite Poison            Fire/Tmut/Pois #.......     100%        3    ####...
 Ozocubu's Armour         Chrm/Ice       #.......     100%        3    ####...
 Passage of Golubria      Tloc           N/A          100%        4    #####..
 Petrify                  Tmut/Erth      #.......     100%        4    #####..
 Summon Ice Beast         Ice/Summ       #.......     100%        4    #####..
 Throw Icicle             Conj/Ice       #.......     100%        4    #####..
 Alistair's Intoxication  Tmut/Pois      #.......     100%        5    ######.
 Irradiate                Conj/Tmut      #.........   100%        5    ######.
 Lee's Rapid Deconstruct  Erth           #.........   100%        5    ######.
 Darkness                 Hex            #.........   100%        6    #######
 Invisibility             Hex            #.......     100%        6    #######
 Sublimation of Blood     Necr           Unusable     N/A         2    N/A

Dungeon Overview and Level Annotations

Branches:
Dungeon (11/15)            Temple (1/1) D:5            Lair (6/6) D:11
  Swamp (0/4) Lair:4        Snake (0/4) Lair:3        Slime (0/5) Lair:6
    Orc (2/2) D:9
    Elf: Orc:2

Altars:
Ashenzari
Cheibriados
Dithmenos
Elyvilon
Fedhas
Gozag
Hepliaklqana
Kikubaaqudgha
Makhleb
Nemelex Xobeh
Okawaru
Qazlal
Ru
Sif Muna
Trog
Uskayaw
Vehumet
Wu Jian
Xom
Yredelemnul
Zin
The Shining One
Jiyva

Shops:
D:4 ([!*[

Annotations:
D:9 money freezing clouds


Innate Abilities, Weirdness & Mutations

You are resistant to torment.
Your stone body is resilient. (AC +11)
You are immune to poison.
Your large and strong wings let you fly indefinitely.
You resist negative energy. (rN+)
You are resistant to electric shocks. (rElec)
You can survive without breathing.
You are immune to petrification.
You are immune to rotting.
You have supernaturally acute eyesight. (SInv)
Your magical capacity is very low. (-20% MP)
You are resistant to hostile enchantments. (MR+)


Message History

* * * LOW HITPOINT WARNING * * *
There is a stone staircase leading up here.
Things that are here:
a +0 ring mail; an orc corpse The orc knight hits you but does no damage.
The orc warrior hits you with a +1 trident of flaming.
* * * LOW HITPOINT WARNING * * *
The orc warrior burns you.
* * * LOW HITPOINT WARNING * * *
The orc high priest barely misses you.
You climb upwards.
There is a stone staircase leading down here.
Unknown command.
Blink to where?
Press: ? - help, Dir - move target cursor You are very lightly contaminated with residual magic.
As you read the scroll of blinking, it crumbles to dust.
The orc high priest mumbles some strange prayers to Beogh against you.
Beogh smites you!
You die...

##.#...........#..###...#
#.................###..##
##.#....###.##..o......#
###......#.#...§[.##.##
##.#.....##...o[.######
#............)o..#
##.#..........#.##
##...#.#.....###
##..####@.#### #...#
#.#.# # ##.## ###.# #
##.## #.# ### #...# ###
..# ##.## ..# ### ### ###
### # ### ##.## ### ##.##


You could see an orc knight, an orc high priest and an orc warrior.

Vanquished Creatures
  Gastronok (D:11)
  2 stone giants
  2 entropy weavers
  A minotaur (Gauntlet)
  A fire dragon (Lair:6)
  2 ettins (Orc:1)
  A hell beast (Gauntlet)
  Erica (Orc:1)
  A hydra (Lair:3)
  A catoblepas (Lair:6)
  An anaconda (Lair:6)
  A queen ant (Lair:6)
  3 two-headed ogres
  A tengu warrior (Gauntlet)
  Urug (Lair:2)
  An orc high priest (Orc:2)
  Sonja (Lair:4)
  An unseen horror (D:11)
  A swamp dragon (Lair:6)
  An orc knight (Orc:1)
  An orc sorcerer (Orc:1)
  2 ugly things (D:11)
  2 oklob plants (Lair:1)
  16 cyclopes
  6 black mambas
  2 torpor snails
  The ghost of yrara the Cudgeler, a novice DsFi of Gozag (D:7)
  9 spiny frogs
  2 molten gargoyles (Volcano)
  3 gargoyles
  8 komodo dragons
  4 rime drakes
  2 tengu conjurers (Gauntlet)
  An efreet (Volcano)
  3 meliai (Lair:6)
  A queen bee (Lair:6)
  15 polar bears
  7 trolls
  22 blink frogs
  4 hippogriffs
  2 raiju (Lair:6)
  A wyvern (Lair:4)
  4 hogs (D:7)
  39 yaks
  2 fire elementals (Volcano)
  A steam dragon (Lair:6)
  5 fire bats
  5 basilisks
  A human (D:7)
  A hungry ghost (D:8)
  10 wargs
  3 nagas (Lair:3)
  2 acid dragons (Lair:6)
  24 soldier ants
  9 water moccasins
  14 hell hounds
  13 porcupines
  A swamp drake (Lair:6)
  18 orc warriors
  Duvessa (D:6)
  6 ice beasts
  3 sky beasts
  3 phantoms
  14 black bears
  3 eyes of draining
  A hornet zombie (D:11)
  13 ogres
  20 wolves
  6 centaurs
  2 big kobolds
  13 crocodiles
  12 bullfrogs
  Dowan (D:6)
  A water moccasin zombie (D:7)
  4 scorpions
  26 killer bees
  2 howler monkeys
  3 crimson imps
  6 lava snakes (Volcano)
  A bullfrog zombie (D:11)
  A centaur zombie (D:8)
  10 orc priests
  A bullfrog skeleton (D:4)
  2 jellies
  2 centaur skeletons
  4 hounds
  22 orc wizards
  Crazy Yiuf (D:3)
  8 iguanas
  26 worker ants
  A worker ant zombie (D:5)
  10 adders
  An ooze (D:3)
  An adder skeleton (D:10)
  An adder zombie (D:9)
  2 worms
  A dart slug (D:1)
  5 leopard geckos
  62 orcs
  2 ball pythons (D:1)
  4 giant cockroaches
  6 goblins
  3 hobgoblins
  3 jackals (D:2)
  8 quokkas
  7 bats
  4 frilled lizards
  12 kobolds
  A leopard gecko skeleton (D:4)
  9 rats
  3 fungi
  A plant (Lair:1)
656 creatures vanquished.

Vanquished Creatures (collateral kills)
  A hydra (Lair:4)
  A crocodile (Lair:4)
2 creatures vanquished.

Vanquished Creatures (others)
  16 fungi
  27 plants (Lair:6)
  A withered plant (Gauntlet)
44 creatures vanquished.

Grand Total: 702 creatures vanquished

Notes
Turn   | Place    | Note
-------+----------+-------------------------------------------
     0 | D:1      | 1994 the Gargoyle Berserker began the quest for the Orb.
     0 | D:1      | Reached XP level 1. HP: 14/14 MP: 1/1
   156 | D:1      | Reached XP level 2. HP: 19/19 MP: 2/2
   572 | D:1      | Reached XP level 3. HP: 23/23 MP: 3/3
   850 | D:2      | Reached ** piety under Trog
  1572 | D:2      | Found a glowing golden altar of the Shining One.
  1572 | D:2      | Found a burning altar of Makhleb.
  1577 | D:2      | Found a bloodstained altar of Trog.
  1579 | D:2      | Found an iron altar of Okawaru.
  1581 | D:2      | Found a shimmering altar of Xom.
  1968 | D:3      | Reached XP level 4. HP: 29/29 MP: 4/4
  2285 | D:3      | Found a runed translucent door.
  2286 | D:3      | Noticed Crazy Yiuf
  2300 | D:3      | Killed Crazy Yiuf
  2300 | D:3      | Reached skill level 1 in Throwing
  2963 | D:4      | Found Yvvybac's Distillery.
  2981 | D:4      | Found a snail-covered altar of Cheibriados.
  2983 | D:4      | Found Oxowner's Armour Shoppe.
  3003 | D:4      | Found Xidi's Weapon Emporium.
  3020 | D:4      | Reached XP level 5. HP: 33/33 MP: 5/5
  3027 | D:4      | Found Eckotwock's Assorted Antiques.
  3039 | D:4      | Bought a scroll labeled GETU TUOKLAZ for 31 gold pieces
  3039 | D:4      | Bought a murky brown potion for 27 gold pieces
  3039 | D:4      | Bought a scroll labeled EMEPSITZOS for 31 gold pieces
  3157 | D:4      | Found a shattered altar of Ashenzari.
  3351 | D:4      | Noticed a phantom
  3362 | D:4      | Killed a phantom
  3362 | D:4      | Reached XP level 6. HP: 38/38 MP: 6/6
  3439 | D:4      | Found Oqyih's Antique Armour Shop.
  3491 | D:5      | Entered Level 5 of the Dungeon
  3676 | D:5      | Reached XP level 7. HP: 40/44 MP: 7/7
  3990 | D:5      | Reached skill level 5 in Maces & Flails
  4035 | D:5      | Reached *** piety under Trog
  4042 | D:5      | Found a staircase to the Ecumenical Temple.
  4051 | D:5      | Reached skill level 5 in Armour
  4073 | Temple   | Entered the Ecumenical Temple
  4343 | D:5      | Reached skill level 5 in Fighting
  4343 | D:5      | Reached XP level 8. HP: 45/49 MP: 8/8
  5227 | D:6      | Noticed Dowan
  5229 | D:6      | Noticed Duvessa
  5235 | D:6      | Killed Duvessa
  5239 | D:6      | Killed Dowan
  6032 | D:7      | Reached skill level 5 in Dodging
  6032 | D:7      | Reached XP level 9. HP: 55/55 MP: 9/9
  6152 | D:7      | Reached **** piety under Trog
  6354 | D:7      | Found a runed translucent door.
  6362 | D:7      | Noticed yrara's ghost (novice DsFi)
  6375 | D:7      | Killed yrara's ghost
  7048 | D:8      | Reached XP level 10. HP: 58/63 MP: 10/10
  7105 | D:8      | Paralysed by fainting for 12 turns
  7164 | D:8      | Found a sparkling altar of Nemelex Xobeh.
  7164 | D:8      | Found an opulent altar of Gozag.
  7279 | D:8      | Got a warped mace
  7280 | D:8      | Identified the +7 mace "Koipp" {freeze, +Rage rF+ Dex+3}
                  | (You found it on level 8 of the Dungeon)
  7968 | D:9      | Found a white marble altar of Elyvilon.
  8226 | D:9      | Received a gift from Trog
  8325 | D:9      | Found a staircase to the Orcish Mines.
  8452 | D:9      | Found a hide-covered altar of Uskayaw.
  8518 | D:9      | Found an opulent altar of Gozag.
  8760 | D:10     | Entered Level 10 of the Dungeon
  9041 | D:10     | Noticed a two-headed ogre
  9048 | D:10     | Killed a two-headed ogre
  9236 | D:10     | Reached XP level 11. HP: 54/71 MP: 11/11
  9354 | D:10     | Reached ***** piety under Trog
  9964 | D:11     | Noticed Gastronok
  9976 | D:11     | Killed Gastronok
  9976 | D:11     | Reached skill level 10 in Maces & Flails
 10017 | D:11     | Reached skill level 10 in Fighting
 10046 | D:11     | Noticed a two-headed ogre
 10060 | D:11     | Killed a two-headed ogre
 10087 | D:11     | Reached skill level 10 in Armour
 10151 | D:11     | Killed an unseen horror
 10281 | D:11     | Noticed a cyan ugly thing
 10292 | D:11     | Killed a cyan ugly thing
 10304 | D:11     | Found a staircase to the Lair.
 10353 | D:11     | Noticed a two-headed ogre
 10368 | D:11     | Killed a two-headed ogre
 10368 | D:11     | Reached XP level 12. HP: 79/79 MP: 0/12
 11027 | Lair:1   | Entered Level 1 of the Lair of Beasts
 11690 | Lair:1   | Reached ****** piety under Trog
 12203 | Lair:2   | Received a gift from Trog
 12231 | Lair:2   | Noticed Urug
 12244 | Lair:2   | Killed Urug
 12621 | Lair:2   | Found a dark tunnel.
 12740 | Volcano  | Entered a volcano
 13105 | Volcano  | Found a burning altar of Makhleb.
 13122 | Volcano  | Reached XP level 13. HP: 69/84 MP: 11/13
 13129 | Volcano  | Noticed a stone giant
 13145 | Volcano  | Killed a stone giant
 14044 | Lair:3   | Found a staircase to the Snake Pit.
 14861 | Lair:4   | Found a snail-covered altar of Cheibriados.
 14963 | Lair:4   | Noticed Sonja
 14982 | Lair:4   | Killed Sonja
 15132 | Lair:4   | Found a staircase to the Swamp.
 15152 | Lair:4   | Received a gift from Trog
 16680 | Lair:5   | Identified a scroll of acquirement
 17208 | Lair:6   | Entered Level 6 of the Lair of Beasts
 17255 | Lair:6   | Noticed an entropy weaver
 17261 | Lair:5   | Gained mutation: Your large and strong wings let you fly
                  | indefinitely. [Gargoyle growth]
 17261 | Lair:5   | Reached XP level 14. HP: 59/92 MP: 3/14
 17408 | Lair:5   | Killed an entropy weaver
 18134 | Lair:6   | Received a gift from Trog
 18184 | Lair:6   | Noticed an entropy weaver
 18204 | Lair:6   | Killed an entropy weaver
 18401 | Lair:6   | Found a viscous altar of Jiyva.
 18401 | Lair:6   | Found a staircase to the Slime Pits.
 20250 | Lair:6   | Received a gift from Trog
 20560 | Lair:6   | Got a faintly glowing platinum ring
 20562 | Lair:6   | Identified the ring of Huloycze {+Inv rPois Slay+3} (You
                  | found it on level 6 of the Lair of Beasts)
 21916 | D:10     | Paralysed by fainting for 6 turns
 21923 | D:10     | Paralysed by fainting for 5 turns
 21933 | D:10     | Paralysed by fainting for 5 turns
 21999 | D:11     | Paralysed by fainting for 10 turns
 22197 | Lair:1   | Reached skill level 1 in Bows
 22327 | Orc:1    | Entered Level 1 of the Orcish Mines
 22356 | D:9      | Reached XP level 15. HP: 72/100 MP: 15/15
 22619 | Orc:1    | Noticed Erica
 22697 | Orc:1    | Killed Erica
 22818 | Orc:1    | Received a gift from Trog
 22818 | Orc:1    | Reached skill level 1 in Evocations
 23809 | Orc:1    | Found the +3 Elemental Staff {rElec rF++ rC++ MR++ AC+5}
 23852 | Orc:1    | Got a transparent hand axe
 23853 | Orc:1    | Identified the +7 hand axe "Ygeixargh" {pain, rF- rC+ MR+++
                  | Str+3} (You found it on level 1 of the Orcish Mines)
 23949 | Orc:1    | Got a crystal quarterstaff
 23950 | Orc:1    | Identified the +7 quarterstaff of the Demagogue {flame,
                  | *Slow Dex+3 Stlth+} (You found it on level 1 of the Orcish
                  | Mines)
 24084 | Orc:2    | Entered Level 2 of the Orcish Mines
 24084 | Orc:2    | Found a gate leading to a gauntlet.
 24177 | Gauntlet | Entered a Gauntlet
 24177 | Gauntlet | Found a runed translucent door.
 24177 | Gauntlet | Found a transporter.
 24177 | Gauntlet | Found a runed translucent door.
 24177 | Gauntlet | Found a transporter.
 24193 | Gauntlet | Found a transporter.
 24200 | Gauntlet | Found a transporter.
 24205 | Gauntlet | Found a transporter.
 24209 | Gauntlet | Found a transporter.
 24219 | Gauntlet | Found a transporter.
 24235 | Gauntlet | Found a transporter.
 24256 | Gauntlet | Found a transporter.
 24257 | Gauntlet | Found a transporter.
 24265 | Gauntlet | Found a transporter.
 24269 | Gauntlet | Found a transporter.
 24536 | Gauntlet | Got a blackened hat
 24547 | Gauntlet | Identified the +2 hat "Put-Me-On" {+Fly Int+4} (You found
                  | it in a Gauntlet)
 24595 | Gauntlet | Identified the +8 arbalest "Nyoragur" {speed, *Slow rElec
                  | rF+ rC+}
 24595 | Gauntlet | Identified the cursed +1 chain mail "Nehanor" {Dex+5}
 24618 | Gauntlet | Identified the Compendium of the Snowflakes
 24681 | Orc:2    | Gained mutation: You are resistant to hostile enchantments.
                  | (MR+) [potion of mutation]
 24681 | Orc:2    | Gained mutation: Your magical capacity is low. (-10% MP)
                  | [potion of mutation]
 24681 | Orc:2    | Gained mutation: Your magical capacity is very low. (-20%
                  | MP) [potion of mutation]
 24681 | Orc:2    | Gained mutation: You have supernaturally acute eyesight.
                  | (SInv) [potion of mutation]
 24942 | Orc:1    | Received a gift from Trog
 25097 | Orc:1    | Killed from afar by an orc high priest

Skill      XL: |  1  2  3  4  5  6  7  8  9 10 11 12 13 14 15 |
---------------+----------------------------------------------+-----
Dodging        | 2 3 5 6 7 8 9 |  9.9
Throwing       | 1 2 |  2.0
Armour         | 3 4 5 6 7 8 10 12 13 14 | 14.6
Fighting       | 4 5 7 9 10 11 12 14 | 14.6
Maces & Flails | 4 5 6 8 9 10 12 13 14 | 14.7
Bows           | 1 3 |  3.9
Evocations     | 2 |  2.3

Action                   |  1- 3 |  4- 6 |  7- 9 | 10-12 | 13-15 || total
-------------------------+-------+-------+-------+-------+-------++-------
Melee: Mace              |   121 |    19 |    37 |   716 |  1137 ||  2030
       Quarterstaff      |       |    84 |   223 |    17 |       ||   324
       Battleaxe         |       |       |       |       |     9 ||     9
       Broad axe         |       |       |       |       |    50 ||    50
       Dire flail        |       |       |       |       |   365 ||   365
Invok: Berserk           |       |       |     2 |     3 |     6 ||    11
  Use: Scroll            |       |       |    15 |     8 |    14 ||    37
       Potion            |       |       |       |       |     1 ||     1
 Stab: Confused          |       |     1 |       |       |       ||     1
       Paralysed         |       |     4 |     1 |       |       ||     5
       Sleeping          |       |       |     1 |       |       ||     1
  Eat: Chunk             |     1 |     5 |    12 |    24 |    36 ||    78
       Ration            |       |     1 |       |       |     3 ||     4
Armor: Animal skin       |    47 |       |       |       |       ||    47
       Leather armour    |    14 |    17 |       |       |       ||    31
       Ring mail         |       |    15 |    62 |       |       ||    77
       Chain mail        |       |       |    96 |   118 |       ||   214
       Plate armour      |       |       |       |   394 |  1095 ||  1489
       Acid dragon scale |       |       |       |       |     7 ||     7
Dodge: Dodged            |   114 |    43 |   140 |   384 |   996 ||  1677
Block: Other             |       |       |       |       |   135 ||   135
       Reflection        |       |       |       |       |     6 ||     6
